 Dungeon Crawl Stone Soup version 0.26-a0-54-g15ccc7ae60 (webtiles) character file.

Game seed: 6371204956926533479

177 Ozzies the Skirmisher (level 5, -4/34 HPs)
             Began as a Gargoyle Fighter on June 7, 2020.
             Slain by a slave (6 damage)
             ... led by Pikel
             ... on level 4 of the Dungeon.
             The game lasted 00:08:50 (2415 turns).

Ozzies the Skirmisher (Gargoyle Fighter)            Turns: 2415, Time: 00:08:51

Health: -4/34      AC: 13    Str: 20    XL:     5   Next: 57%
Magic:  5/5        EV:  7    Int:  9    God:
Gold:   152        SH:  9    Dex:  9    Spells: 4/4 levels left

rFire    . . .     SeeInvis .   o - +3 whip
rCold    . . .     Gourm    .   c - +0 kite shield
rNeg     + . .     Faith    .   b - +0 scale mail
rPois    ∞         Spirit   .   (no helmet)
rElec    +         Reflect  .   s - +0 cloak
rCorr    .         Harm     .   (no gloves)
MR       .....                  i - +0 pair of boots
Stlth    ..........             (no amulet)
HPRegen  0.11/turn              (no ring)
MPRegen  0.09/turn              (no ring)

@: no status effects
A: negative energy resistance 1, electricity resistance, unbreathing,
petrification resistance, rot immunity, AC +4
a: no special abilities


You were on level 4 of the Dungeon.
You were very hungry.

You visited 1 branch of the dungeon, and saw 4 of its levels.

You collected 152 gold pieces.

Inventory:

Hand Weapons
 a - a +0 flail
 o - a +3 whip (weapon)
Armour
 b - a +0 scale mail (worn)
 c - a +0 kite shield (worn)
 i - a +0 pair of boots (worn)
 s - a +0 cloak (worn)
Wands
 v - a wand of polymorph (7)
Scrolls
 e - a scroll of random uselessness
 q - a scroll of teleportation
 t - 2 scrolls of remove curse
Potions
 d - a potion of might
 g - a potion of curing {unknown}
 k - a potion of magic
 l - a potion of heal wounds
 m - a potion of degeneration
Comestibles
 f - 14 rations


   Skills:
 * Level 4.9 Fighting
 + Level 2.9 Maces & Flails
 + Level 4.1 Armour
 + Level 4.2 Shields


You had 4 spell levels left.
You didn't know any spells.
Your spell library was empty.

Dungeon Overview and Level Annotations

Branches:
Dungeon (4/15)
 Temple: D:4-7

Altars:
Gozag
Okawaru
Sif Muna

Shops:
D:3 *

Annotations:
D:4 Pikel


Innate Abilities, Weirdness & Mutations

You are resistant to torment.
Your stone body is resilient. (AC +4)
You are immune to poison.
You resist negative energy. (rN+)
You are resistant to electric shocks. (rElec)
You can survive without breathing.
You are immune to petrification.
You are immune to rotting.


Message History

Pikel hits you but does no damage. You block the slave's attack.
The slave barely misses you. x2; You block the slave's attack.
You hit Pikel.
Pikel is heavily wounded.
You block Pikel's attack.
The slave hits you but does no damage. x2
You block the slave's attack. The slave hits you.
Pikel hits you but does no damage.
You barely miss Pikel.
Pikel is heavily wounded.
Pikel hits you but does no damage. The slave hits you.
* * * LOW HITPOINT WARNING * * *
The slave barely misses you. The slave hits you.
* * * LOW HITPOINT WARNING * * *
The slave hits you but does no damage.
You miss Pikel.
Pikel is heavily wounded.
Pikel zaps a wand.
You resist with some effort. You block the slave's attack.
The slave hits you but does no damage. The slave barely misses you.
The slave hits you.
You die...

#.... #. ##
#.... .. ...
#.... .##....
#.... ..#..#
###.... .....
....#.. (..#.#
..##..K##.....#
...$.hp@p...#
..##.!pp.....#
................
............$##.
..######.....# .
#####.# ... ..


You could see Pikel (fast), a black bear and 4 slaves.

Vanquished Creatures
  The ghost of Xtruder99 the Skirmisher, an amateur GrFi (D:3)
  2 adders (D:2)
  An ooze (D:1)
  A worm (D:2)
  A dart slug (D:2)
  4 leopard geckos
  An orc (D:3)
  6 bats
  2 giant cockroaches (D:2)
  12 goblins
  A hobgoblin (D:1)
  10 jackals
  2 quokkas (D:3)
  5 frilled lizards
  12 kobolds
  6 rats
67 creatures vanquished.

Notes
Turn   | Place    | Note
-------+----------+-------------------------------------------
     0 | D:1      | Ozzies the Gargoyle Fighter began the quest for the Orb.
     0 | D:1      | Reached XP level 1. HP: 14/14 MP: 1/1
   106 | D:1      | Reached XP level 2. HP: 14/19 MP: 2/2
   438 | D:1      | Reached XP level 3. HP: 24/24 MP: 3/3
  1008 | D:2      | Found an iron altar of Okawaru.
  1184 | D:2      | Reached XP level 4. HP: 29/29 MP: 4/4
  1625 | D:2      | Found a shimmering blue altar of Sif Muna.
  1807 | D:3      | Found an opulent altar of Gozag.
  1809 | D:3      | Found Gozag's Platinum Reserve.
  1901 | D:3      | Found a runed translucent door.
  1901 | D:3      | Noticed Xtruder99's ghost (amateur GrFi)
  2340 | D:3      | Killed Xtruder99's ghost
  2340 | D:3      | Reached XP level 5. HP: 34/34 MP: 5/5
  2403 | D:4      | Noticed Pikel
  2403 | D:4      | Noticed a slave
  2403 | D:4      | Noticed a slave
  2403 | D:4      | Noticed a slave
  2404 | D:4      | Noticed a slave
  2404 | D:4      | Noticed a black bear
  2415 | D:4      | Slain by a slave

Illustrated notes

Levels and vault maps discovered:
D:1:      dpeg_arrival_windows_large_door, layout_loops_cross
D:2:      layout_rooms, okawaru_ov_weapons_minmay, lemuel_blue_sif_altar
D:3:      layout_basic, nicolae_gozag_zags_fifth_avenue, first_ration,
          hellmonk_ghost_happy_afterlife
D:4:      layout_rooms, gup_sewer_entry_bowl, minmay_tree_intersection,
          uniq_pikel

Skill      XL: |  1  2  3  4 |
---------------+-------------+-----
Fighting       | 4 |  4.9
Shields        | 4 |  4.2
Armour         | 4 |  4.1
Maces & Flails | |  2.9

Action                   |  1- 3 |  4- 6 || total
-------------------------+-------+-------++-------
Melee: Flail             |   155 |    52 ||   207
       Whip              |       |    42 ||    42
  Use: Scroll            |       |    12 ||    12
       Potion            |       |     3 ||     3
  Eat: Chunk             |     1 |     3 ||     4
Armor: Scale mail        |   102 |    82 ||   184
       Skin              |       |     5 ||     5
Dodge: Dodged            |    70 |    43 ||   113
Block: Kite shield       |   107 |    53 ||   160

Table legend:
 A = Non-vault XP
 B = Vault XP
 C = Vault XP percentage of total XP
 D = Non-vault monster count
 E = Vault monster count
 F = Vault count percentage of total count
                 A         B        C        D         E       F
            +---------+---------+-------+---------+---------+-------
      Total |     147 |     106 |  41.9 |      66 |       1 |   1.5
            +---------+---------+-------+---------+---------+-------
        D:1 |      60 |       0 |   0.0 |      33 |       0 |   0.0
        D:2 |      67 |       0 |   0.0 |      23 |       0 |   0.0
        D:3 |      20 |     106 |  84.1 |      10 |       1 |   9.1
            +---------+---------+-------+---------+---------+-------
